[Event "Romanian Superliga 2024"]
[Site "Mamaia"]
[Date "2024.09.30"]
[Round "3.19"]
[White "Lashkin, Jegor"]
[Black "Petkov, Momchil"]
[Result "1/2-1/2"]
[ECO "E94"]
[WhiteElo "2472"]
[BlackElo "2540"]
[Annotator "TA"]
[PlyCount "104"]
[EventDate "2024.09.26"]
[EventType "team-tourn"]
[EventCountry "ROU"]
[SourceTitle "playchess.com"]
[Source "ChessBase"]
[SourceQuality "1"]
[TimeControl "40/5400+30:1800+30"]

1. d4 Nf6 2. c4 g6 3. Nc3 Bg7 4. e4 d6 5. Nf3 O-O 6. Be2 e5 7. O-O b6 {[%emt 0:00:13] 7...h6 is the modern continuation. E94: King's Indian: Classical: 6 Be2 e5 7 0-0: Various Black 7th moves.} 8. Be3 Nc6 9. d5 Ne7 10. Nd2 Ne8 11. b4 c5 12. dxc6 Nxc6 13. b5 Nd4 14. Nb3 Nxe2+ 15. Qxe2 Be6 $146 ({Predecessor:} 15... f5 16. exf5 gxf5 17. f4 Be6 18. Rad1 Qc7 19. Nd5 Qf7 20. Bc1 Nf6 21. Ne3 Ne4 {0-1 Checa,N (2533)-Ali Marandi,C (2532) Saint Louis Summer-B 2022 (5)}) 16. a4 Rc8 17. Nd5 f5 18. f3 Nf6 19. Bd2 Rf7 20. Rac1 Nh5 21. g3 Qd7 22. a5 Rcf8 23. exf5 gxf5 (23... Bxd5 {simplifies} 24. cxd5 Qxf5 25. axb6 axb6 26. Be3 Nf6) 24. axb6 axb6 25. Nxb6 (25. f4 {simplifies} Bxd5 26. cxd5 Nf6 27. Qc4) 25... Qb7 26. Qf2 f4 27. g4 e4 $1 28. fxe4 $2 (28. gxh5 $11 {and White stays safe.} e3 29. Bxe3 fxe3 30. Qxe3) 28... Bxg4 $19 29. Nd5 f3 ({Better is} 29... Be5 $17 {Strongly threatening ...Rg7.} 30. Bc3 Bh3 31. Bxe5 dxe5) 30. Be3 $2 ({Only move:} 30. Kh1 $1 $15) 30... Bh3 $19 31. Qh4 Bxf1 32. Rxf1 Nf6 33. Nd4 Nxd5 (33... Re8 $1 $19 {[%cal Re8e4] is more deadly.} 34. Nf5 Rxe4) 34. exd5 $17 Rf6 35. Qe4 $2 {[%emt 0:01:15] [#]} (35. Kh1 $17) 35... Rg6+ $1 $19 36. Kh1 Bxd4 37. Bxd4 Qc8 38. Rg1 Qe8 $2 (38... Qxc4 39. Rxg6+ hxg6 40. Qxg6#) (38... Rxg1+ $19 39. Kxg1 Qh3 (39... Qxc4 40. Qg4+ Kf7 41. Qe6#) 40. Qe6+ Qxe6 41. dxe6 Rf4) 39. Qxe8 $17 Rxe8 40. b6 Kf7 (40... Re2 $17) 41. Rb1 {[%emt 0:13:56] [#]} ({White should play} 41. Rf1 $15 Rg4 (41... Kg8 42. Rb1 $14) 42. Rxf3+ Kg8 43. Bf2 (43. Rg3 Rxg3 44. hxg3 Re1+ 45. Kg2 Rc1 $17) 43... Rxc4 44. Rb3) 41... Rg4 (41... Rg2 $1 $17 {[%cal Rg2d2] aiming for ...Rd2.} 42. Rf1 Kg6 43. Rxf3 Rg4) 42. Bg1 $1 $15 Rxc4 43. b7 Rc2 ({Don't go for} 43... Rb8 $2 44. Ba7 $18) 44. b8=Q Rxb8 45. Rxb8 f2 46. Bxf2 (46. Rb7+ Kf6 47. Bxf2 Rxf2 48. Rxh7 Rf5) 46... Rxf2 47. Rd8 Rf6 48. Kg2 h5 49. Kg3 Ke7 50. Rh8 Rf5 51. Kh4 Rxd5 52. Rxh5 Rxh5+ 1/2-1/2

[Event "Romanian Superliga 2024"]
[Site "Mamaia"]
[Date "2024.09.30"]
[Round "3.20"]
[White "Stoyanov, Tsvetan"]
[Black "Ogleznev, Alexandr"]
[Result "1/2-1/2"]
[ECO "B46"]
[WhiteElo "2471"]
[BlackElo "2301"]
[Annotator "TA"]
[PlyCount "52"]
[EventDate "2024.09.26"]
[EventType "team-tourn"]
[EventCountry "ROU"]
[SourceTitle "playchess.com"]
[Source "ChessBase"]
[SourceQuality "1"]
[TimeControl "40/5400+30:1800+30"]

1. e4 c5 2. Nf3 e6 3. d4 cxd4 4. Nxd4 a6 5. Nc3 Qc7 6. Bd3 Nc6 7. Nxc6 bxc6 8. Qe2 Bb7 9. O-O d5 10. Bg5 {[%emt 0:00:00] White is slightly better.} Nf6 11. f4 Be7 12. e5 (12. Rae1 $14) 12... Ng8 $11 13. Na4 c5 {[%emt 0:02:35] [#] Strongly threatening ...c4.} 14. c4 d4 15. b3 g6 16. Be4 Rc8 17. Rab1 a5 18. Nb2 ({Better is} 18. Bxb7 $11 Qxb7 19. Bxe7 Nxe7 20. Qe1) 18... h6 19. Bxe7 Nxe7 20. Nd3 Bxe4 21. Qxe4 Nf5 22. Qe1 h5 23. Rf3 Kf8 24. Nf2 Kg7 25. Ne4 Ra8 (25... Rb8 $17) 26. Ng3 (26. a4 $11 {keeps the balance.}) 26... Nxg3 {[%emt 0:01:49] Weighted Error Value: White=0.21 (precise) /Black=0.09 (flawless) .  Mistake:       	White=3     	Black=2      Inaccurate:     	White=1     	Black=1      OK:         	White=6     	Black=6      Best:        	---       	Black=2} (26... a4 $17 27. Nxf5+ exf5) 1/2-1/2

[Event "Romanian Superliga 2024"]
[Site "Mamaia"]
[Date "2024.09.30"]
[Round "3.21"]
[White "Vavric, Pavel"]
[Black "Ghimpu, Samuel-Timotei"]
[Result "0-1"]
[ECO "B12"]
[WhiteElo "2285"]
[BlackElo "2456"]
[Annotator "TA"]
[PlyCount "46"]
[EventDate "2024.09.26"]
[EventType "team-tourn"]
[EventCountry "ROU"]
[SourceTitle "playchess.com"]
[Source "ChessBase"]
[SourceQuality "1"]
[TimeControl "40/5400+30:1800+30"]

1. e4 c6 2. d4 d5 3. e5 c5 4. dxc5 e6 5. a3 Bxc5 6. b4 Be7 7. Nf3 a5 8. b5 {[%emt 0:00:30] The position is equal.} f6 9. Bb2 Nd7 10. Bd3 Nh6 11. O-O (11. Nbd2 $11) 11... Nf7 $1 $15 12. exf6 Bxf6 13. Nc3 O-O ({Black should try} 13... Nc5 $17) 14. Re1 ({White should play} 14. Na4 $15) 14... Nb6 $17 15. Bf1 Qc7 (15... e5 $142 {White must now prevent ...Bg4.} 16. Nd2 e4) 16. Qd2 (16. Qd3 $142) 16... Nd6 17. Nd1 Ndc4 18. Qc1 {[%emt 0:00:30] [#]} (18. Bxc4 $17 Nxc4 19. Qc1 Nxb2 20. Nxb2) 18... Nxb2 $1 $19 19. Nxb2 e5 20. c4 (20. c3 {might work better.}) 20... e4 21. Nd2 Bd4 22. Nd1 Bxa1 23. Qxa1 dxc4 {[%emt 0:00:30] Weighted Error Value: White=0.34/Black=0.23 (precise) .  Mistake:       	White=5     	Black=2      Inaccurate:     	White=2     	Black=1      OK:         	White=5     	Black=10     Strong:       	---       	Black=1} 0-1

[Event "Romanian Superliga 2024"]
[Site "Mamaia"]
[Date "2024.09.30"]
[Round "3.22"]
[White "Gheorghiu, Calin"]
[Black "Sachilaru, Alexandru"]
[Result "1/2-1/2"]
[ECO "B92"]
[WhiteElo "2313"]
[BlackElo "2265"]
[Annotator "RC"]
[PlyCount "84"]
[EventDate "2024.09.26"]
[EventType "team-tourn"]
[EventCountry "ROU"]
[SourceTitle "playchess.com"]
[Source "ChessBase"]
[SourceQuality "1"]
[TimeControl "40/5400+30:1800+30"]

1. e4 c5 2. Nf3 d6 3. d4 cxd4 4. Nxd4 Nf6 5. Nc3 a6 6. Be2 e5 7. Nb3 Be7 8. O-O O-O 9. Re1 Be6 10. Bf3 Nbd7 11. a4 Qc7 12. Nd2 Rab8 13. a5 Rfc8 14. Nf1 b5 15. axb6 Qxb6 16. Ne3 Qb7 17. Nf5 Bxf5 18. exf5 Qb6 19. Nd5 Nxd5 20. Bxd5 Nf6 21. Bb3 Qc6 22. Bg5 Rb4 23. Bxf6 Bxf6 24. Qe2 Rb6 25. Ra4 d5 26. Rea1 e4 27. Rxa6 Bxb2 28. Rxb6 Qxb6 29. Rd1 Re8 30. Bxd5 e3 31. Kh1 Bf6 32. Bb3 Qa5 33. Qc4 Rf8 34. fxe3 Qxf5 35. Qf4 Qh5 36. g4 Qh4 37. Rd7 h5 38. gxh5 Qe1+ 39. Kg2 Qe2+ 40. Kg1 Qe1+ 41. Kg2 Qe2+ 42. Kg1 Qe1+ 1/2-1/2

[Event "Romanian Superliga 2024"]
[Site "Mamaia"]
[Date "2024.09.30"]
[Round "3.23"]
[White "Patrascu, Catalin-Lucian"]
[Black "Coca, Cristi-Iulian"]
[Result "0-1"]
[ECO "E94"]
[WhiteElo "2298"]
[BlackElo "2233"]
[Annotator "RC"]
[PlyCount "92"]
[EventDate "2024.09.26"]
[EventType "team-tourn"]
[EventCountry "ROU"]
[SourceTitle "playchess.com"]
[Source "ChessBase"]
[SourceQuality "1"]
[TimeControl "40/5400+30:1800+30"]

1. d4 Nf6 2. c4 g6 3. Nc3 Bg7 4. e4 d6 5. Nf3 O-O 6. Be2 Nbd7 7. O-O e5 8. Be3 Qe7 9. d5 c5 10. a3 h6 11. Qc1 Kh7 12. g3 Ng8 13. Nh4 Ndf6 14. f3 Bh3 15. Rf2 Nh5 16. Ng2 Rae8 17. Bd3 Kh8 18. Qc2 Bf6 19. b4 b6 20. Rb1 Bg5 21. Bxg5 hxg5 22. Ne3 Nh6 23. bxc5 bxc5 24. Qc1 f5 25. Bf1 Bxf1 26. Nxf1 Rb8 27. Rfb2 Rxb2 28. Rxb2 Kg7 29. exf5 gxf5 30. Qb1 Rf7 31. Ne2 e4 32. Rb3 exf3 33. Qb2+ Kh7 34. Rxf3 Qe4 35. Re3 Qxc4 36. Qb8 Qxd5 37. Nc3 Qd4 38. Nb5 Qb2 39. Re8 Ng4 40. Kh1 Nf2+ 41. Kg1 Ne4 42. Kh1 a6 43. Rf8 Rxf8 44. Qxf8 Qxb5 45. Qxf5+ Kg7 46. Nd2 Nexg3+ 0-1

[Event "Romanian Superliga 2024"]
[Site "Mamaia"]
[Date "2024.09.30"]
[Round "3.24"]
[White "Dobre, Claudiu-Cristian"]
[Black "Andronescu, Madalin"]
[Result "1/2-1/2"]
[ECO "E92"]
[WhiteElo "2294"]
[BlackElo "1982"]
[Annotator "RC"]
[PlyCount "132"]
[EventDate "2024.09.26"]
[EventType "team-tourn"]
[EventCountry "ROU"]
[SourceTitle "playchess.com"]
[Source "ChessBase"]
[SourceQuality "1"]
[TimeControl "40/5400+30:1800+30"]

1. c4 Nf6 2. Nc3 g6 3. d4 Bg7 4. e4 d6 5. Nf3 O-O 6. Be2 e5 7. d5 a5 8. Bg5 Na6 9. Nd2 Qe8 10. a3 Bd7 11. b3 h6 12. Be3 Nxe4 13. Ndxe4 f5 14. Rb1 fxe4 15. Nxe4 Bf5 16. Bd3 Qe7 17. b4 axb4 18. axb4 Qh4 19. Qc2 Nb8 20. O-O Nd7 21. f3 Ra3 22. Ra1 Rfa8 23. Qb2 Rxa1 24. Rxa1 Qd8 25. g4 Bxe4 26. Bxe4 Nf6 27. Bxg6 Rxa1+ 28. Qxa1 e4 29. Qd1 Qe7 30. f4 c6 31. Bf5 cxd5 32. cxd5 Qc7 33. Qc1 Qxc1+ 34. Bxc1 Kf8 35. Be6 Ne8 36. Kf2 Bc3 37. Ke3 Bxb4 38. Bb2 b5 39. h4 Be1 40. h5 b4 41. Kxe4 Bd2 42. Bd4 Bc1 43. Be3 Nf6+ 44. Kd3 Bxe3 45. Kxe3 b3 46. Kd2 Ne4+ 47. Kd3 Ke7 48. Bf5 Ng3 49. Bg6 b2 50. Ke3 Nf1+ 51. Ke2 Nh2 52. g5 hxg5 53. fxg5 Ng4 54. h6 Ne5 55. Be4 Kf7 56. Kd1 Nc4 57. Bh7 Ne3+ 58. Kd2 Nxd5 59. g6+ Ke7 60. g7 Nf6 61. Bg6 b1=Q 62. Bxb1 Kf7 63. Kc3 Ng8 64. Ba2+ Kg6 65. Bxg8 Kxh6 66. Be6 Kxg7 1/2-1/2

[Event "Romanian Superliga 2024"]
[Site "Mamaia"]
[Date "2024.09.30"]
[Round "3.25"]
[White "Mendonca, Leon Luke"]
[Black "Baranciuc, Alexandr"]
[Result "1-0"]
[ECO "C02"]
[WhiteElo "2622"]
[BlackElo "2333"]
[Annotator "TA"]
[PlyCount "75"]
[EventDate "2024.09.26"]
[EventType "team-tourn"]
[EventCountry "ROU"]
[SourceTitle "playchess.com"]
[Source "ChessBase"]
[SourceQuality "1"]
[TimeControl "40/5400+30:1800+30"]

1. e4 e6 2. d4 d5 3. e5 c5 4. c3 Nc6 5. Nf3 Qb6 6. a3 c4 7. Nbd2 Na5 8. Rb1 Bd7 9. h4 {[%emt 0:01:35] C02: Frans: Doorschuif Variant.} {Zwart heeft er baat bij.} O-O-O {[%emt 1:33:26] Fout (0.6)} (9... Rc8 $11) {Wit doet er goed aan.} 10. Rh3 $5 {[%emt 0:04:58][%mdl 4] Fout (1.3) 10.Be2 zet een nieuwe trend. Een veelbelovende zijvariant.} (10. g3 $14) {Zwart kan het beste.} 10... Kb8 $146 {[%emt 0:00:00] Fout (0.6)} (10... f6 $15) ({Predecessor:} 10... Qc7 11. b3 cxb3 12. Nxb3 Ba4 13. Nfd2 Ne7 14. h5 Nec6 15. Qg4 Kb8 16. Be2 Nxb3 17. Nxb3 {1-0 Noritsyn,N (2450)-Joseph Benher,S (2044) Toronto Ontario op 2024 (6)}) {Wit kan het beste.} 11. h5 {[%emt 0:16:17] Fout (0.7)} (11. Be2 $11) {Zwart doet er goed aan.} 11... h6 {[%emt 0:00:00] Fout (1.2)} (11... f6 $15) {Wit heeft er baat bij.} 12. b3 {[%emt 0:01:47] Fout (0.6)} (12. b4 $14 cxb3 13. c4) 12... cxb3 $11 {[%emt 0:00:00] Beste (Gemakkelijk)} 13. Nxb3 Ba4 {[%emt 0:00:00] Beste (Gemakkelijk)} 14. Nfd2 {[%emt 0:00:23][%cal Bf3d2,Bd2b3,Bb3d4][%mdl 32] En nu zou Qc2 winnen. EV=24.87. Goes to b5 (dbg)). OK} f6 $1 {[%emt 0:00:00] Sterk} 15. Bd3 {[%emt 0:06:13] Beste (Gemakkelijk)} fxe5 $1 {[%emt 0:00:00] Sterk} 16. dxe5 Ne7 $1 {[%emt 0:00:00] Sterk} 17. Rh4 {[%emt 0:20:27] OK} Bxb3 {[%emt 0:00:00] en Zwart staat stabiel. Verliest partij (2.3)} (17... d4 $1 $11) 18. Nxb3 $18 Nec6 {[%emt 0:00:00] Ontwijkt Rb4. OK} 19. Be3 Qc7 {[%emt 0:00:00] OK} 20. Ra4 {[%emt 0:00:28] [#] Nxa5 zou dodelijk zijn. OK} Nc4 {[%emt 0:00:00] OK} 21. Bxc4 {[%emt 0:00:29] OK} dxc4 22. Nd4 $36 {[%emt 0:00:34][%mdl 2048] Wit wil matzetten met Nxc6+. Wit heeft een sterk initiatief.} Bc5 {[%emt 0:00:00] Beste} 23. Rxc4 {[%emt 0:01:13] Wit is actiever. OK} Nxe5 $2 {[%emt 0:00:00] is misschien voordeliger. Verliest partij (2.5)} (23... Na5 $16 24. Ra4 Bb6) 24. Bf4 {[%emt 0:02:18] Beste (Gemakkelijk)} Ka8 {[%emt 0:00:00] is de betere keuze. Fout (1.2)} (24... Rhf8 25. Rb5 (25. Nc6+ $2 Qxc6 26. Qe2 Qxg2 $19) 25... Rxf4 26. Rcxc5 Rfxd4 (26... Re4+ $2 27. Kf1 $18) 27. cxd4 Nc6) 25. Qe2 {[%emt 0:05:02] Beste} Rd5 {[%emt 0:00:00][%cal Oe5d3] OK} 26. Kf1 {[%emt 0:04:24] Beste} (26. Nxe6 Qf7 (26... Bxf2+ $2 27. Kxf2 Qxc4 28. Qxc4 $18) 27. Rxc5 (27. Bxe5 Bxf2+ 28. Kf1 Qxe6 $17) (27. Nxc5 $2 {verliest.} Nxc4 28. Ne6 Rxh5 $19) 27... Rxc5 28. Nxc5 Qxf4 $18) 26... Qb8 {[%emt 0:00:00] [#]} 27. Rxc5 $1 {[%emt 0:05:43][%mdl 512] OK} Rxc5 28. Re1 {[%emt 0:00:36] OK} (28. Nxe6 Ra5 29. Rb5 (29. Nxg7 Qd8 $14) 29... Rxb5 30. Qxb5 Qd6 $18) 28... Qe8 {[%emt 0:00:00] OK} 29. Bxe5 {[%emt 0:00:08] OK} Rf8 $2 {[%emt 0:00:00] Fout (3.3)} (29... Qd7 30. Qg4 Re8) 30. Bd6 {[%emt 0:02:02] OK} Rxh5 {[%emt 0:00:00] Zwart is zwak op de donkere velden. OK} 31. Kg1 (31. Bxf8 $2 Rh1#) 31... Rg8 32. Nxe6 {[%emt 0:01:16] Wit dreigt Nc7+ en mat.} Qf7 33. Nc7+ Kb8 34. Ne6+ {[%emt 0:00:07] Wit is duidelijk aan het winnen.} Ka8 35. c4 Rf5 36. Nc7+ Kb8 37. Nb5+ Kc8 38. Bg3 {[%emt 0:00:23] Blunder waarde: Wit=0.43/Zwart=1.20.  Verliest partij:   	---       	Zwart=2      Fout:        	Wit=3      	Zwart=5      OK:         	Wit=9      	Zwart=6      Beste:        	Wit=4      	Zwart=3      Sterk:        	---       	Zwart=3} (38. Nxa7+ $142 Kd8 39. Qe3 Kd7 40. Qb6 Re5 41. Rxe5 (41. Qc7+ Ke6 $18) 41... Rc8 42. Nxc8 (42. Qxb7+ Kxd6 43. Rd5+ Qxd5 44. Nxc8+ Ke5 45. Qxd5+ Kf6 46. Nd6 Ke7) 42... Qxc4 43. Qxb7+ (43. Re7+ Kxc8 44. Qxb7+ Kd8 45. Qd7#) 43... Kd8 44. Be7+ Ke8 45. Nd6#) 1-0

[Event "Romanian Superliga 2024"]
[Site "Mamaia"]
[Date "2024.09.30"]
[Round "3.26"]
[White "Sapocinic, Semion"]
[Black "Aryan Chopra"]
[Result "0-1"]
[ECO "A28"]
[WhiteElo "2219"]
[BlackElo "2620"]
[Annotator "TA"]
[PlyCount "76"]
[EventDate "2024.09.26"]
[EventType "team-tourn"]
[EventCountry "ROU"]
[SourceTitle "playchess.com"]
[Source "ChessBase"]
[SourceQuality "1"]
[TimeControl "40/5400+30:1800+30"]

1. c4 e5 2. Nc3 Nf6 3. Nf3 Nc6 4. e4 Bb4 5. d3 d6 6. a3 Bc5 7. b4 Bb6 8. Na4 {[%emt 0:02:28] The position is equal.} Bg4 9. Be2 Bxf3 10. Bxf3 Bd4 11. Rb1 Qe7 12. Be3 a5 13. Qb3 axb4 14. axb4 Nd8 15. Nc3 Ne6 16. O-O h5 17. Nd5 Qd8 18. h3 (18. c5 $11 {keeps the balance.}) 18... c6 ({Black should play} 18... g5 $17 {And now ...g4 would win.} 19. Bd1 c6 20. Nxf6+ Qxf6) 19. Nxf6+ $15 Qxf6 20. Qd1 g6 21. Qd2 g5 22. Be2 Nf4 (22... g4 $15) 23. Bxd4 $11 exd4 24. Ra1 Ke7 25. Ra5 Rxa5 26. bxa5 Ne6 27. Qb4 Nc5 {[%emt 0:00:22][%cal Og5g4] [#]} 28. f4 gxf4 $15 29. Qd2 Qg5 30. h4 $1 Qxh4 {[%emt 0:01:10] ...Rg8 would now be deadly.} 31. Rxf4 Qg3 {[%emt 0:00:03] aiming for ...Nb3.} 32. Rf5 $2 {[%emt 0:00:37] [#]} (32. Rf3 $1 $15 Qg7 33. Qe1) 32... h4 (32... Rg8 $1 $19 33. Bf3 h4) 33. Rf3 (33. e5 $142) 33... Qg6 $40 {[%emt 0:02:06][%mdl 128] White is in trouble. Black is more active.} 34. Qb2 $2 (34. Qe1 $17) 34... h3 $19 35. g3 h2+ 36. Kh1 {[%emt 0:00:04] [#]} Rh3 $1 ({Less strong is} 36... Qg7 37. Bf1 $17) 37. Qb6 $2 (37. Qxd4 Rxg3 38. Qf2 Rxf3 39. Bxf3) 37... Rxg3 38. Qc7+ Nd7 {[%emt 0:00:27] Weighted Error Value: White=0.57/Black=0.10 (very precise) .  Loses game:     	White=1     	---        Mistake:       	White=5     	Black=3      Inaccurate:     	White=2     	---        OK:         	White=6     	Black=13     Best:        	White=3     	Black=5      Strong:       	White=1     	Black=1} 0-1

[Event "Romanian Superliga 2024"]
[Site "Mamaia"]
[Date "2024.09.30"]
[Round "3.27"]
[White "Nisipeanu, Liviu-Dieter"]
[Black "Tamas, Christian-Arrydan"]
[Result "1-0"]
[ECO "B13"]
[WhiteElo "2580"]
[BlackElo "2137"]
[Annotator "RC"]
[PlyCount "91"]
[EventDate "2024.09.26"]
[EventType "team-tourn"]
[EventCountry "ROU"]
[SourceTitle "playchess.com"]
[Source "ChessBase"]
[SourceQuality "1"]
[TimeControl "40/5400+30:1800+30"]

1. e4 c6 2. d4 d5 3. exd5 cxd5 4. Nf3 Nc6 5. c3 Bg4 6. Be2 Qc7 7. O-O e6 8. Nbd2 Bd6 9. h3 Bh5 10. Ne1 Bxe2 11. Qxe2 Nf6 12. Nd3 O-O 13. Nb3 Rfc8 14. Bg5 Nd7 15. f4 Re8 16. Qf3 Ne7 17. g4 h6 18. Bxe7 Rxe7 19. h4 a5 20. Nd2 b5 21. g5 b4 22. c4 Qa7 23. c5 Bc7 24. gxh6 gxh6 25. Kh1 Kh7 26. Rg1 Nf6 27. Ne5 Qa6 28. Rg2 Rg8 29. Rag1 Ree8 30. Nxf7 Ref8 31. Rxg8 Rxg8 32. Rxg8 Nxg8 33. Ne5 Ne7 34. Nd7 Ng6 35. f5 exf5 36. Qxf5 Qe2 37. Nf1 Kg7 38. h5 Qg2+ 39. Kxg2 Nh4+ 40. Kf2 Nxf5 41. Ne3 Nxd4 42. Nxd5 Bd8 43. Ke3 Nb5 44. Ne5 Bf6 45. Ke4 Bg5 46. Nc6 1-0

[Event "Romanian Superliga 2024"]
[Site "Mamaia"]
[Date "2024.09.30"]
[Round "3.28"]
[White "Sabarez, Iulian"]
[Black "Ilinca, Felix-Antonio"]
[Result "0-1"]
[ECO "B22"]
[WhiteElo "2051"]
[BlackElo "2417"]
[Annotator "RC"]
[PlyCount "69"]
[EventDate "2024.09.26"]
[EventType "team-tourn"]
[EventCountry "ROU"]
[SourceTitle "playchess.com"]
[Source "ChessBase"]
[SourceQuality "1"]
[TimeControl "40/5400+30:1800+30"]

1. e4 c5 2. c3 Nf6 3. e5 Nd5 4. Nf3 e6 5. d4 cxd4 6. cxd4 d6 7. Bc4 Be7 8. O-O O-O 9. Qe2 b6 10. Bd2 Bb7 11. Nc3 Nxc3 12. Bxc3 Nd7 13. Rfd1 dxe5 14. dxe5 Qc7 15. Bd3 Nc5 16. Bc2 Bd5 17. Bb4 Rfc8 18. Rd4 a5 19. Ba3 Rab8 20. Rc1 Qb7 21. Rg4 Bxf3 22. gxf3 g6 23. h4 b5 24. b3 Nxb3 25. Bxb3 Bxa3 26. Rd1 Qc6 27. h5 a4 28. hxg6 hxg6 29. Qe3 axb3 30. Qh6 Bf8 31. Rxg6+ fxg6 32. Qxg6+ Bg7 33. Rd6 Qe8 34. Qg4 b2 35. Rxe6 0-1

[Event "Romanian Superliga 2024"]
[Site "Mamaia"]
[Date "2024.09.30"]
[Round "3.29"]
[White "Magold, Filip"]
[Black "Costache, Andrei Eugeniu"]
[Result "1-0"]
[ECO "B94"]
[WhiteElo "2406"]
[BlackElo "1977"]
[Annotator "RC"]
[PlyCount "93"]
[EventDate "2024.09.26"]
[EventType "team-tourn"]
[EventCountry "ROU"]
[SourceTitle "playchess.com"]
[Source "ChessBase"]
[SourceQuality "1"]
[TimeControl "40/5400+30:1800+30"]

1. e4 c5 2. Nf3 d6 3. d4 cxd4 4. Nxd4 Nf6 5. Nc3 a6 6. Nb3 e5 7. Bg5 Be7 8. Bxf6 Bxf6 9. Qd3 Be6 10. O-O-O Be7 11. g3 Nc6 12. Kb1 Rc8 13. Nd5 Bxd5 14. Qxd5 Qb6 15. c3 O-O 16. f4 a5 17. a4 exf4 18. gxf4 Bf6 19. Bb5 Qe3 20. Rhf1 Rfe8 21. Nxa5 Nxa5 22. Bxe8 Rxe8 23. Qxa5 Qxe4+ 24. Kc1 Qe3+ 25. Kc2 Qe2+ 26. Kb3 Qxh2 27. Rfe1 Rf8 28. Qb4 h6 29. Rxd6 Qg3 30. Qe4 Bg5 31. Rf1 Bf6 32. a5 Ra8 33. Rd5 Rc8 34. Qf3 Qxf3 35. Rxf3 Kf8 36. Rd7 Ra8 37. Rxb7 Rxa5 38. Kc4 Rf5 39. Rb5 Rxb5 40. Kxb5 g5 41. fxg5 Bxg5 42. Kc6 Ke7 43. b4 f6 44. b5 Kd8 45. b6 Kc8 46. b7+ Kb8 47. c4 1-0

[Event "Romanian Superliga 2024"]
[Site "Mamaia"]
[Date "2024.09.30"]
[Round "3.30"]
[White "Codru, Raul Cristian"]
[Black "David, Alexandru-Vasile"]
[Result "1/2-1/2"]
[ECO "A84"]
[WhiteElo "1786"]
[BlackElo "2345"]
[Annotator "RC"]
[PlyCount "106"]
[EventDate "2024.09.26"]
[EventType "team-tourn"]
[EventCountry "ROU"]
[SourceTitle "playchess.com"]
[Source "ChessBase"]
[SourceQuality "1"]
[TimeControl "40/5400+30:1800+30"]

1. d4 d5 2. c4 e6 3. Nc3 c6 4. e3 Bd6 5. Nf3 f5 6. Bd3 Nh6 7. cxd5 exd5 8. O-O Nd7 9. Qc2 O-O 10. Ne2 Qe7 11. Ng3 g6 12. e4 f4 13. e5 Bc7 14. Ne2 g5 15. Bxh7+ Kh8 16. Qg6 Nxe5 17. dxe5 Qxh7 18. Qxh7+ Kxh7 19. Nxg5+ Kg6 20. Nxf4+ Kf5 21. Nf3 Nf7 22. Re1 Nxe5 23. Nxe5 Bxe5 24. g4+ Kxg4 25. Rxe5 Bf5 26. Ng2 Rae8 27. Rxe8 Rxe8 28. Bf4 d4 29. Bg3 Re2 30. Rd1 c5 31. b4 Bc2 32. Re1 Rxe1+ 33. Nxe1 d3 34. Nxd3 Bxd3 35. bxc5 Kf3 36. a4 a5 37. Bc7 Bc2 38. Bxa5 Bxa4 39. Bd2 Kg4 40. Be3 Bb5 41. Kg2 Bc6+ 42. Kf1 Kf3 43. Ke1 Be8 44. Kd2 Kg2 45. h4 Kf3 46. Kc3 Kg4 47. Bg5 Kf3 48. Kd4 Kxf2 49. Ke5 Kf3 50. Kf5 Bd7+ 51. Kg6 Kg4 52. Kf7 Kh5 53. Ke7 Bc6 1/2-1/2

[Event "Romanian Superliga 2024"]
[Site "Mamaia"]
[Date "2024.10.01"]
[Round "4.1"]
[White "Hamitevici, Vladimir"]
[Black "Baranciuc, Alexandr"]
[Result "1-0"]
[ECO "D35"]
[WhiteElo "2419"]
[BlackElo "2333"]
[Annotator "RC"]
[PlyCount "81"]
[EventDate "2024.09.26"]
[EventType "team-tourn"]
[EventCountry "ROU"]
[SourceTitle "playchess.com"]
[Source "ChessBase"]
[SourceQuality "1"]
[TimeControl "40/5400+30:1800+30"]

1. d4 d5 2. c4 e6 3. Nf3 Nf6 4. Nc3 Nbd7 5. cxd5 exd5 6. Qc2 Bb4 7. a3 Bxc3+ 8. Qxc3 Ne4 9. Qc2 O-O 10. Bf4 c6 11. h3 h6 12. g4 Re8 13. e3 Nf8 14. Ne5 Ne6 15. Bh2 f6 16. Nd3 Nxd4 17. exd4 Ng3+ 18. Kd2 Nxh1 19. f3 f5 20. Bg2 fxg4 21. hxg4 Bxg4 22. fxg4 Qg5+ 23. Kc3 c5 24. dxc5 Qxg4 25. Bxd5+ Kh8 26. Rg1 Qf5 27. Qg2 Qf6+ 28. Kc2 Rad8 29. Bd6 b6 30. Rf1 Qd4 31. Rf4 Qe3 32. Rf7 Ng3 33. Qxg3 Qxg3 34. Bxg3 Rxd5 35. c6 Re2+ 36. Kd1 Re8 37. Rd7 Rxd7 38. cxd7 Rd8 39. Ne5 Kg8 40. Be1 a5 41. Bf2 1-0

[Event "Romanian Superliga 2024"]
[Site "Mamaia"]
[Date "2024.10.01"]
[Round "4.2"]
[White "Sapocinic, Semion"]
[Black "Raceanu, Valentin"]
[Result "1/2-1/2"]
[ECO "A28"]
[WhiteElo "2219"]
[BlackElo "2427"]
[Annotator "RC"]
[PlyCount "83"]
[EventDate "2024.09.26"]
[EventType "team-tourn"]
[EventCountry "ROU"]
[SourceTitle "playchess.com"]
[Source "ChessBase"]
[SourceQuality "1"]
[TimeControl "40/5400+30:1800+30"]

1. c4 e5 2. Nc3 Nf6 3. Nf3 Nc6 4. e4 Bb4 5. d3 d6 6. a3 Bxc3+ 7. bxc3 h6 8. g3 O-O 9. Bg2 Be6 10. O-O Qd7 11. Ne1 Nh7 12. Rb1 Rab8 13. Nc2 f5 14. exf5 Bxf5 15. Nb4 Ne7 16. Nd5 c6 17. Nxe7+ Qxe7 18. Be3 Nf6 19. h3 d5 20. cxd5 Nxd5 21. Qb3 b6 22. Rfe1 Qd7 23. c4 Nxe3 24. Rxe3 Bxh3 25. Rxe5 Bxg2 26. Kxg2 c5 27. Rbe1 Rbd8 28. R1e3 Qc6+ 29. Kg1 Rd7 30. Re6 Rd6 31. Rxd6 Qxd6 32. Qc3 Rd8 33. a4 Qd4 34. Qxd4 Rxd4 35. a5 bxa5 36. Re5 Rxd3 37. Rxc5 a4 38. Ra5 a3 39. Rxa7 Rc3 40. c5 Kf8 41. c6 Rxc6 42. Rxa3 1/2-1/2